serge_lutens, lawful male human Archeologist ---- ----------------|..| --.|...........^.|..-- --- |......-----.........- --@-- -........|....|....... |fMG| |............----.|...#. |..-- -.....---.--- --|.).| --..| |.....| --- ---.--- #..- --....| --- |...|^- ..... ----- --.--- ---...| #.... |.....-- ---...| -#-.... --.....--- |...|.## |..... |.......|--.--|...# #.... |.......|...| --.## * ....# --......|.--- |...# ## --- ...| |<%......| --.#- * ##-.-- ...-- --%..)(..--- -...- |....| ..-- |..........| ...... --#.*....| --.|.---...| |.....-----------......- -- -- --.-- -..................... --- -------------- serge_lutens the Field Worker Experience level: 4 Strength: 5 Dexterity: 8 Constitution: 12 Intelligence: 16 Wisdom: 18 Charisma: 11 Health: 0(27) Energy: 25(25) Def: 3 Gold: 950 Moves: 2540 Dungeon seed: wluzwicP8E-RksAn Game ID: serge_lutens_1527676861 Your Inventory: Coins $ - 950 gold pieces Weapons a - a blessed +2 bullwhip (weapon in hand) s - 5 +0 darts (in quiver) Armor n - an uncursed +0 fedora (being worn) y - an uncursed +0 studded leather armor (being worn) Comestibles m - an uncursed apple Scrolls B - a blessed scroll of light Rings k - a cursed ring of aggravate monster l - an uncursed ring of warning Tools c - a +0 pick-axe f - an uncursed sack p - an uncursed skeleton key x - an uncursed lock pick A - an uncursed credit card Gems e - an uncursed worthless piece of yellow glass q - an uncursed touchstone z - 3 uncursed worthless pieces of black glass Spells and supernatural/magical abilities: Name Level Category Fail Memory W - pray for help -- divine ? -- Your skills at the end: Fighting Skills Weapon Skills pick-axe [Basic] whip [Basic] Spellcasting Skills Final Attributes: You were piously aligned. You were stealthy. You were fast. You were lucky. You are dead. Vanquished creatures: a gnome lord a gnomish wizard 2 dwarves 3 orc zombies a werejackal an iguana 3 killer bees an acid blob a hobbit a giant rat 15 gnomes 3 gnome zombies 2 geckos 2 jackals a kobold 3 goblins 5 grid bugs 2 lichens a kobold zombie 4 newts 53 creatures vanquished. Voluntary challenges: You were an atheist. You used a wielded weapon 53 times, starting on turn 2. You read items or engraved 22 times, starting on turn 4. You never genocided any monsters. You never polymorphed an object. You never changed form. You used no wishes. You never split a pudding. You wrote Elbereth's name 17 times, starting on turn 1996. You never violated your personal moral code. Dungeon overview: The Dungeons of Doom: levels 1 to 4 Level 1 a fountain a long staircase Level 2 a fountain Level 3 Level 4 stairs to The Gnomish Mines The Gnomish Mines: levels 5 to 6 Level 5 stairs to The Dungeons of Doom Level 6 <- You were here History has recorded: On T:1 you entered the Dungeons of Doom to retrieve the Amulet of Yendor! On T:395 you reached level 2 of The Dungeons of Doom. On T:653 you reached level 3 of The Dungeons of Doom. On T:862 you reached level 4 of The Dungeons of Doom. On T:1121 you advanced to experience level 2. On T:1160 you reached level 1 of The Gnomish Mines. On T:1518 you advanced to experience level 3. On T:1906 you reached level 2 of The Gnomish Mines. On T:1945 you advanced to experience level 4. Score breakdown: Gold: 950 (10130 points) Experience: 4 levels ( 9649 points) Exploration: 6 levels ( 11.76%) ( 9486 points) Discoveries: 7 items ( 2.35%) ( 4597 points) Valuables value: (no points given unless you survive) Artifact value: 0 ( 0 points) Variety of kills: 20 monsters ( 5.25%) ( 6873 points) Turncount: 2540 turns ( -354 points) Survival: died (score multiplied by 80%) Total score: 32304 Latest messages: You are now wielding your bullwhip. You see here 9 rocks. You hear some noises. You displace barsik. The gnome mummy hits! The gnome lord wields a thonged club! You hit the gnome mummy. The gnome mummy hits! You miss the gnome mummy. Barsik misses the gnome mummy. You hear some noises. You hit the gnome lord. (2x) Barsik bites the gnome mummy. Barsik misses the gnome mummy. You hit the gnome lord. The gnome mummy hits! Barsik misses the gnome mummy. The gnome lord swings his thonged club. The gnome lord hits! You write in the dust with your fingers. The gnome mummy hits! Barsik bites the gnome mummy. The gnome mummy hits barsik. The gnome lord swings his thonged club. The gnome lord hits! You die... Final status: Goodbye serge_lutens the Archeologist, killed by a gnome lord... You died in The Gnomish Mines on dungeon level 6 with 32304 points, and 950 pieces of gold, after 2540 moves. You were level 4 with a maximum of 27 hit points when you died.